AoeStats
← xyz

MegaRandom

509199145Analyzed
4v4 RM · 6d ago on Sep 25, 2026· 26m 27s· 8 players
Game mode
Random Map
Map size
Large (8 player)
Population
200
Speed
Normal
Resources
Standard
Victory
Conquest
Starting age
Dark Age
Ending age
Imperial Age
RankedLock teamsTeams togetherTeam positionsShared explorationLock speedFull tech treeHidden civsTurbo modeCheats
Victory
Defeat
🇪🇸 Italians · Spain
1029
+15
🇹🇷 Huns · Türkiye
1000
+48
🇧🇴 Lithuanians · Bolivia
973
+18
🇫🇷 Goths · France
939
+19
🇹🇷 Inca · Türkiye
1096
-20
🇹🇷 Danes · Türkiye
1037
-18
959
-44
🇲🇽 Varangians · Mexico
947
-15
pixoum
7:12 Loom
17:12 Feudal Age
21:27 Bloodlines
23:56 Castle Age
22:07 Scale Barding Armor
22:13 Forging
22:09 Double-Bit Axe
Bertinos
15:27 Feudal Age
19:23 Castle Age
17:32 Double-Bit Axe
20:40 Bow Saw
21:43 Stone Mining
25:18 Husbandry
Edcastillo
10:59 Loom
19:28 Feudal Age
21:32 Double-Bit Axe
23:19 Forging
23:14 Man-at-Arms
Mirliva1881
9:52 Loom
15:16 Feudal Age
17:21 Wheelbarrow
16:32 Town Watch
20:56 Castle Age
19:35 Double-Bit Axe
19:33 Horse Collar
25:31 Scale Barding Armor
26:35 Bloodlines
Geraik
6:05 Loom
12:23 Feudal Age
18:08 Bloodlines
20:50 Horse Collar
xyz
6:27 Loom
15:44 Feudal Age
16:21 Double-Bit Axe
16:18 Horse Collar
25:41 Castle Age
23:17 Man-at-Arms
24:49 Arson
25:18 Forging
25:18 Stone Mining
Leonidas
4:23 Loom
11:08 Feudal Age
11:40 Double-Bit Axe
16:25 Fletching
22:33 Castle Age
20:43 Horse Collar
22:34 Crossbowman
23:21 Bodkin Arrow
herrerazamoranopablo88
9:57 Loom
10:22 Loom
14:51 Feudal Age
17:47 Wheelbarrow
20:32 Man-at-Arms
Connection lost

Rejoining the realm…

Still unreachable

The connection could not be restored.

Session expired

The server has moved on; the page needs a fresh start.